TOP OF THE 1ST |
Cincinnati Pride batting - Pitching for Lee's Summit Tigers : RHP Renato Camardiel
|
Pitching: RHP Renato Camardiel
|
|
Batting: LHB Rubén Eirado
|
0-0: Foul Ball, location: 2F 0-1: Ball 1-1: Ball 2-1: Foul Ball, location: 2F 2-2: Ball 3-2: Base on Balls
|
Batting: RHB Noah Sturges
|
0-0: Ball 1-0: Ball 2-0: Called Strike 2-1: SINGLE (Groundball, 56D) Rubén Eirado to second
|
Batting: LHB Terry Barton
|
0-0: Ball 1-0: Called Strike 1-1: Fly out, F9 (Flyball, 89S)
|
Batting: LHB Kevin Hatcher
|
0-0: Foul Ball, location: 2F 0-1: Foul Ball, location: 2F 0-2: Ball 1-2: SINGLE (Line Drive, 4) Rubén Eirado to third Noah Sturges to second
|
Batting: RHB Travis Jackson
|
0-0: Grounds into double play, 6-4-3 (Groundball, 6)
|
Top of the 1st over - 0 runs, 2 hits, 0 errors, 2 left on base; Cincinnati 0 - Lee's Summit 0 |
BOTTOM OF THE 1ST |
Lee's Summit Tigers batting - Pitching for Cincinnati Pride : RHP Alonso Delgado
|
Pitching: RHP Alonso Delgado
|
|
Batting: LHB José Guerrero
|
0-0: SINGLE (Groundball, 34D)
|
Batting: LHB António Bonaccorsi
|
0-0: Ball 1-0: Called Strike 1-1: Ball 2-1: Ball José Guerrero is caught stealing 2nd base 3-1: Swinging Strike 3-2: SINGLE (Groundball, 4D)
|
Batting: LHB Víctor Piña
|
0-0: Ball 1-0: Ball 2-0: Fly out, F5 (Popup, 5SF)
|
Batting: RHB Tommy Smith
|
0-0: Ball 1-0: Ball 2-0: Swinging Strike 2-1: Called Strike 2-2: Ball 3-2: Strikes out swinging
|
Bottom of the 1st over - 0 runs, 2 hits, 0 errors, 1 left on base; Cincinnati 0 - Lee's Summit 0 |
TOP OF THE 2ND |
Cincinnati Pride batting - Pitching for Lee's Summit Tigers : RHP Renato Camardiel
|
Batting: LHB Bill Turner
|
0-0: Ball 1-0: Foul Ball, location: 2F 1-1: Ball 2-1: Ball 3-1: Called Strike 3-2: Base on Balls
|
Batting: RHB Dudley Helms
|
0-0: Called Strike 0-1: Ball 1-1: Swinging Strike 1-2: Ball 2-2: Ball 3-2: Strikes out swinging
|
Batting: LHB Gene Cherry
|
0-0: Foul Ball, location: 2F 0-1: Called Strike 0-2: Ball 1-2: Ball 2-2: Foul Ball, location: 2F 2-2: Foul Ball, location: 2F 2-2: Strikes out swinging
|
Batting: RHB Ed Hines
|
0-0: Ball 1-0: Ball 2-0: Ball 3-0: Called Strike 3-1: Base on Balls Bill Turner to second
|
Batting: LHB Rubén Eirado
|
0-0: Fly out, F4 (Flyball, 4D)
|
Top of the 2nd over - 0 runs, 0 hits, 0 errors, 2 left on base; Cincinnati 0 - Lee's Summit 0 |
BOTTOM OF THE 2ND |
Lee's Summit Tigers batting - Pitching for Cincinnati Pride : RHP Alonso Delgado
|
Batting: RHB José Deleón
|
0-0: Ball 1-0: Foul Ball, location: 2F 1-1: Ball 2-1: Ball 3-1: SINGLE (Flyball, 9LM)
|
Batting: RHB Juan Rodríguez
|
0-0: Ball 1-0: Called Strike 1-1: Foul Ball, location: 2F 1-2: Strikes out swinging
|
Batting: RHB Josh Martin
|
0-0: Ball 1-0: Ball 2-0: Called Strike 2-1: Foul Ball, location: 2F 2-2: Ball Wild Pitch! José Deleón to second 3-2: Base on Balls
|
Batting: RHB José Gómez
|
0-0: Called Strike 0-1: Swinging Strike 0-2: Strikes out swinging
|
Batting: SHB Enrique Bartoccini
|
0-0: Ball 1-0: Ball 2-0: Called Strike 2-1: Called Strike 2-2: Ground out 4-3 (Groundball, 4)
|
Bottom of the 2nd over - 0 runs, 1 hit, 0 errors, 2 left on base; Cincinnati 0 - Lee's Summit 0 |
TOP OF THE 3RD |
Cincinnati Pride batting - Pitching for Lee's Summit Tigers : RHP Renato Camardiel
|
Batting: RHB Noah Sturges
|
0-0: Ball 1-0: Ball 2-0: Ball 3-0: Base on Balls
|
Batting: LHB Terry Barton
|
0-0: Foul Ball, location: 2F 0-1: Ball 1-1: Fly out, F7 (Line Drive, 7D)
|
Batting: LHB Kevin Hatcher
|
0-0: Ball Noah Sturges is caught stealing 2nd base 1-0: Ball 2-0: Ball 3-0: Base on Balls
|
Batting: RHB Travis Jackson
|
0-0: Called Strike 0-1: Fly out, F8 (Flyball, 8RD)
|
Top of the 3rd over - 0 runs, 0 hits, 0 errors, 1 left on base; Cincinnati 0 - Lee's Summit 0 |
BOTTOM OF THE 3RD |
Lee's Summit Tigers batting - Pitching for Cincinnati Pride : RHP Alonso Delgado
|
Batting: LHB José Guerrero
|
0-0: Ground out 6-3 (Groundball, 6)
|
Batting: LHB António Bonaccorsi
|
0-0: Called Strike 0-1: Ball 1-1: DOUBLE (Line Drive, 9LM)
|
Batting: LHB Víctor Piña
|
0-0: Foul Ball, location: 2F 0-1: Ball 1-1: 2-RUN HOME RUN (Line Drive, 9D), Distance : 362 ft
|
Batting: RHB Tommy Smith
|
0-0: Ball 1-0: Called Strike 1-1: Called Strike 1-2: Ball 2-2: Ground out 6-3 (Groundball, 6)
|
Batting: RHB José Deleón
|
0-0: Called Strike 0-1: Ground out 1-3 (Groundball, 15)
|
Bottom of the 3rd over - 2 runs, 2 hits, 0 errors, 0 left on base; Cincinnati 0 - Lee's Summit 2 |
TOP OF THE 4TH |
Cincinnati Pride batting - Pitching for Lee's Summit Tigers : RHP Renato Camardiel
|
Batting: LHB Bill Turner
|
0-0: Ball 1-0: Ball 2-0: Foul Ball, location: 2F 2-1: Fly out, F7 (Flyball, 7LSF)
|
Batting: RHB Dudley Helms
|
0-0: Called Strike 0-1: Ball 1-1: Ball 2-1: Foul Ball, location: 2F 2-2: Foul Ball, location: 2F 2-2: Ball 3-2: Foul Ball, location: 2F 3-2: SINGLE (Line Drive, 6D)
|
Batting: LHB Gene Cherry
|
0-0: Called Strike 0-1: Ball 1-1: Called Strike 1-2: Ball 2-2: Ball 3-2: Strikes out swinging
|
Batting: RHB Ed Hines
|
0-0: Called Strike 0-1: Ball 1-1: Foul Ball, location: 2F 1-2: Foul Ball, location: 2F 1-2: Foul Ball, location: 2F 1-2: Foul Ball, location: 2F 1-2: Ball Dudley Helms steals 2nd base 2-2: Strikes out swinging
|
Top of the 4th over - 0 runs, 1 hit, 0 errors, 1 left on base; Cincinnati 0 - Lee's Summit 2 |
BOTTOM OF THE 4TH |
Lee's Summit Tigers batting - Pitching for Cincinnati Pride : RHP Alonso Delgado
|
Batting: RHB Juan Rodríguez
|
0-0: Ball 1-0: Fly out, F5 (Line Drive, 5)
|
Batting: RHB Josh Martin
|
0-0: Called Strike 0-1: Fly out, F7 (Line Drive, 7D)
|
Batting: RHB José Gómez
|
0-0: Hit by Pitch
|
Batting: SHB Enrique Bartoccini
|
0-0: SINGLE (Groundball, 34) (infield hit) José Gómez to second
|
Batting: LHB José Guerrero
|
0-0: Ball 1-0: Swinging Strike 1-1: Ball 2-1: Foul Ball, location: 2F 2-2: Ball 3-2: Foul Ball, location: 2F 3-2: Foul Ball, location: 2F 3-2: Strikes out swinging
|
Bottom of the 4th over - 0 runs, 1 hit, 0 errors, 2 left on base; Cincinnati 0 - Lee's Summit 2 |
TOP OF THE 5TH |
Cincinnati Pride batting - Pitching for Lee's Summit Tigers : RHP Renato Camardiel
|
Batting: LHB Rubén Eirado
|
0-0: Ball 1-0: Called Strike 1-1: Ball 2-1: Ball 3-1: Foul Ball, location: 2F 3-2: Foul Ball, location: 2F 3-2: Base on Balls
|
Batting: RHB Noah Sturges
|
0-0: Ball Rubén Eirado is caught stealing 2nd base 1-0: Ball 2-0: Ball 3-0: Called Strike 3-1: Base on Balls
|
Batting: LHB Terry Barton
|
0-0: Foul Ball, location: 2F 0-1: Ball 1-1: Foul Ball, location: 2F 1-2: Strikes out swinging
|
Batting: LHB Kevin Hatcher
|
0-0: Called Strike 0-1: Ball 1-1: Ball Throwing error on steal attempt, E2 Noah Sturges to third 2-1: Called Strike 2-2: Ball 3-2: Base on Balls
|
Batting: RHB Travis Jackson
|
0-0: Ball 1-0: Ground out 5-3 (Groundball, 56)
|
Top of the 5th over - 0 runs, 0 hits, 1 error, 2 left on base; Cincinnati 0 - Lee's Summit 2 |
BOTTOM OF THE 5TH |
Lee's Summit Tigers batting - Pitching for Cincinnati Pride : RHP Alonso Delgado
|
Batting: LHB António Bonaccorsi
|
0-0: Ground out U3 (Groundball, 34S)
|
Batting: LHB Víctor Piña
|
0-0: Ball 1-0: Called Strike 1-1: Ball 2-1: Foul Ball, location: 2F 2-2: Ball 3-2: Base on Balls
|
Batting: RHB Tommy Smith
|
0-0: Ball 1-0: Ball 2-0: Called Strike 2-1: Swinging Strike 2-2: Ball 3-2: Strikes out swinging
|
Batting: RHB José Deleón
|
0-0: Ball 1-0: Called Strike 1-1: Ground out U3 (Groundball, 3S)
|
Bottom of the 5th over - 0 runs, 0 hits, 0 errors, 1 left on base; Cincinnati 0 - Lee's Summit 2 |
TOP OF THE 6TH |
Cincinnati Pride batting - Pitching for Lee's Summit Tigers : RHP Renato Camardiel
|
Batting: LHB Bill Turner
|
0-0: Foul Ball, location: 2F 0-1: Foul Ball, location: 2F 0-2: Ball 1-2: Fly out, F8 (Flyball, 8LM)
|
Batting: RHB Dudley Helms
|
0-0: Called Strike 0-1: Ball 1-1: Ball 2-1: Ball 3-1: Swinging Strike 3-2: Strikes out swinging
|
Batting: LHB Gene Cherry
|
0-0: Ball 1-0: Called Strike 1-1: Called Strike 1-2: Foul Ball, location: 2F 1-2: SINGLE (Groundball, 6MD)
|
Batting: RHB Ed Hines
|
0-0: Ball 1-0: Called Strike 1-1: Ball 2-1: Foul Ball, location: 2F 2-2: Fly out, F7 (Flyball, 7LSF)
|
Top of the 6th over - 0 runs, 1 hit, 0 errors, 1 left on base; Cincinnati 0 - Lee's Summit 2 |
BOTTOM OF THE 6TH |
Lee's Summit Tigers batting - Pitching for Cincinnati Pride : RHP Alonso Delgado
|
Batting: RHB Juan Rodríguez
|
0-0: Ball 1-0: Foul Ball, location: 2F 1-1: Ball 2-1: Ground out 3-1 (Groundball, 34S)
|
Batting: RHB Josh Martin
|
0-0: Ball 1-0: Called Strike 1-1: Fly out, F8 (Flyball, 8LM)
|
Batting: RHB José Gómez
|
0-0: Foul Ball, location: 2F 0-1: Fly out, F7 (Flyball, 7S)
|
Bottom of the 6th over - 0 runs, 0 hits, 0 errors, 0 left on base; Cincinnati 0 - Lee's Summit 2 |
TOP OF THE 7TH |
Cincinnati Pride batting - Pitching for Lee's Summit Tigers : RHP Renato Camardiel
|
Batting: LHB Rubén Eirado
|
0-0: Foul Ball, location: 2F 0-1: Ball 1-1: Called Strike 1-2: Ball 2-2: Ground out 4-3 (Groundball, 4)
|
Batting: RHB Noah Sturges
|
0-0: Ball 1-0: Called Strike 1-1: Called Strike 1-2: Strikes out swinging
|
Batting: LHB Terry Barton
|
0-0: Ball 1-0: SINGLE (Line Drive, 7LM)
|
Pitching: RHP Roberto Pérez
|
|
Batting: LHB Kevin Hatcher
|
0-0: Called Strike 0-1: Ball 1-1: Ball 2-1: Ball 3-1: Base on Balls Terry Barton to second
|
Pinch Hitting: LHB Ed Ballard
|
0-0: Called Strike 0-1: Foul Ball, location: 2F 0-2: Strikes out swinging passed ball, reaches first! Terry Barton to third Kevin Hatcher to second
|
Batting: LHB Bill Turner
|
0-0: Ball 1-0: Fly out, F7 (Flyball, 7LS)
|
Top of the 7th over - 0 runs, 1 hit, 0 errors, 3 left on base; Cincinnati 0 - Lee's Summit 2 |
BOTTOM OF THE 7TH |
Lee's Summit Tigers batting - Pitching for Cincinnati Pride : RHP Alonso Delgado
|
Now in CF: Ed Ballard
|
|
Batting: SHB Enrique Bartoccini
|
0-0: Called Strike 0-1: Ball 1-1: Foul Ball, location: 2F 1-2: Foul Ball, location: 2F 1-2: Ball 2-2: Ball 3-2: Ground out 6-3 (Groundball, 6)
|
Batting: LHB José Guerrero
|
0-0: Called Strike 0-1: Ball 1-1: Ball 2-1: Foul Ball, location: 2F 2-2: Foul Ball, location: 2F 2-2: SINGLE (Groundball, 4MD)
|
Pitching: RHP Orlando Martínez
|
|
Batting: LHB António Bonaccorsi
|
0-0: Called Strike Throwing error on steal attempt, E2 José Guerrero to third 0-1: Ball 1-1: Foul Ball, location: 2F 1-2: Foul Ball, location: 2F 1-2: Foul Ball, location: 2F 1-2: Ball 2-2: Ground out U3 (Groundball, 34S)
|
Batting: LHB Víctor Piña
|
0-0: Ball 1-0: Ball 2-0: Ball 3-0: Base on Balls
|
Batting: RHB Tommy Smith
|
0-0: Ball 1-0: Called Strike 1-1: Foul Ball, location: 2F 1-2: Ball 2-2: Reached on error, E7 (Line Drive, 7) José Guerrero scores Víctor Piña to third
|
Batting: RHB José Deleón
|
0-0: Ball 1-0: Fly out, F8 (Flyball, 8RD)
|
Bottom of the 7th over - 1 run, 1 hit, 2 errors, 2 left on base; Cincinnati 0 - Lee's Summit 3 |
TOP OF THE 8TH |
Cincinnati Pride batting - Pitching for Lee's Summit Tigers : RHP Roberto Pérez
|
Batting: RHB Dudley Helms
|
0-0: Called Strike 0-1: Ball 1-1: Swinging Strike 1-2: Ball 2-2: Foul Ball, location: 2F 2-2: Strikes out looking
|
Batting: LHB Gene Cherry
|
0-0: Swinging Strike 0-1: Called Strike 0-2: Ball 1-2: Strikes out swinging
|
Batting: RHB Ed Hines
|
0-0: Swinging Strike 0-1: Ball 1-1: Swinging Strike 1-2: Fly out, F7 (Flyball, 7LS)
|
Top of the 8th over - 0 runs, 0 hits, 0 errors, 0 left on base; Cincinnati 0 - Lee's Summit 3 |
BOTTOM OF THE 8TH |
Lee's Summit Tigers batting - Pitching for Cincinnati Pride : RHP Orlando Martínez
|
Batting: RHB Juan Rodríguez
|
0-0: Called Strike 0-1: Called Strike 0-2: Ball 1-2: SINGLE (Groundball, 6D)
|
Batting: RHB Josh Martin
|
0-0: Foul Ball, location: 2F 0-1: Ball 1-1: Called Strike 1-2: Foul Ball, location: 2F 1-2: Ball 2-2: Foul Ball, location: 2F 2-2: Ball 3-2: Foul Ball, location: 2F 3-2: Strikes out swinging
|
Batting: RHB José Gómez
|
0-0: Foul Ball, location: 2F 0-1: Foul Ball, location: 2F 0-2: Ball Wild Pitch! Juan Rodríguez to second 1-2: SINGLE (Line Drive, 6D) Juan Rodríguez to third Runner from 3rd tries for Home, SAFE, no throw
|
Batting: SHB Enrique Bartoccini
|
0-0: Called Strike 0-1: DOUBLE (Flyball, 78D) José Gómez to third Runner from 3rd tries for Home, SAFE, no throw
|
Batting: LHB José Guerrero
|
0-0: SINGLE (Groundball, 34D) Enrique Bartoccini to third Runner from 3rd tries for Home, SAFE, no throw
|
Pitching: RHP Héctor Fabián
|
|
Batting: LHB António Bonaccorsi
|
0-0: Ball 1-0: Fly out, F8 (Flyball, 78D)
|
Batting: LHB Víctor Piña
|
0-0: Ball 1-0: Fly out, F7 (Flyball, 7D)
|
Bottom of the 8th over - 3 runs, 4 hits, 0 errors, 1 left on base; Cincinnati 0 - Lee's Summit 6 |
TOP OF THE 9TH |
Cincinnati Pride batting - Pitching for Lee's Summit Tigers : RHP Roberto Pérez
|
Now at C: Gerardo Romero
|
|
Now at 1B: Paco Molina
|
|
Now in RF: Claudio Jiménez
|
|
Batting: LHB Rubén Eirado
|
0-0: Fly out, F9 (Flyball, 9S)
|
Batting: RHB Noah Sturges
|
0-0: Foul Ball, location: 2F 0-1: Foul Ball, location: 2F 0-2: Ball 1-2: Ball 2-2: Foul Ball, location: 2F 2-2: Ball 3-2: Base on Balls
|
Batting: LHB Terry Barton
|
0-0: Called Strike 0-1: Ball 1-1: Foul Ball, location: 2F 1-2: Strikes out swinging
|
Batting: LHB Kevin Hatcher
|
0-0: Called Strike 0-1: Foul Ball, location: 2F 0-2: Strikes out swinging
|
Top of the 9th over - 0 runs, 0 hits, 0 errors, 1 left on base; Cincinnati 0 - Lee's Summit 6 |
|